 Dungeon Crawl Stone Soup version 0.27.1 (webtiles) character file.

Game seed: 17264712894065453037

3035 Renzlar the Blocker (level 9, -2/81 HPs)
             Began as a Gnoll Fighter on Aug 29, 2021.
             Slain by a killer bee (4 damage)
             ... on level 7 of the Dungeon.
             The game lasted 00:29:04 (7918 turns).

Renzlar the Blocker (Gnoll Fighter)                 Turns: 7918, Time: 00:29:05

Health: -2/81      AC: 12    Str: 22    XL:     9   Next: 86%
Magic:  15/15      EV:  8    Int:  8    God:
Gold:   410        SH: 17    Dex: 12    Spells: 17/17 levels left

rFire    . . .     SeeInvis .   a - +1 long sword
rCold    + . .     Faith    .   u - +1 kite shield
rNeg     . . .     Spirit   .   d - +0 chain mail
rPois    .         Reflect  +   (no helmet)
rElec    .         Harm     .   l - +0 cloak
rCorr    .         Rampage  .   (no gloves)
Will     .....     Clarity  +   (no boots)
Stlth    ..........             p - amulet of reflection
HPRegen  0.23/turn              i - +6 ring of strength
MPRegen  0.14/turn              y - ring of protection from cold

@: no status effects
A: fangs 1, strong nose, distributed training, clarity, robust 1, weak 1,
MP-powered wands
a: no special abilities


You were on level 7 of the Dungeon.
You visited 2 branches of the dungeon, and saw 8 of its levels.
You also visited: Sewer and Ossuary.

You collected 410 gold pieces.

Inventory:

Hand Weapons
 a - a +1 long sword (weapon)
 c - a +0 hunting sling
 s - a +2 war axe of freezing
 t - a +2 flail of holy wrath
 w - a +2 dagger of venom
Missiles
 h - 122 bolts
 k - 162 stones (quivered)
 m - a throwing net
 q - 51 sling bullets
Armour
 d - a +0 chain mail (worn)
 l - a +0 cloak (worn)
 u - a +1 kite shield (worn)
Jewellery
 e - a ring of protection from fire
 i - a +6 ring of strength (left hand)
 p - an amulet of reflection (around neck)
 y - a ring of protection from cold (right hand)
Scrolls
 b - a scroll of enchant armour
 f - 2 scrolls of enchant weapon
 x - a scroll of amnesia
 G - a scroll of teleportation
Potions
 g - a potion of berserk rage {unknown}
 j - 3 potions of degeneration {unknown}
 n - 4 potions of magic
 o - 2 potions of lignification {unknown}
 r - a potion of brilliance {unknown}
 v - a potion of flight {unknown}
 z - 3 potions of cancellation {unknown}
 A - 4 potions of might
 B - 4 potions of haste {unknown}
 C - a potion of resistance {unknown}
 D - 5 potions of curing {unknown}
 E - 2 potions of heal wounds {unknown}
 F - 2 potions of invisibility {unknown}


   Skills:
 + Level 8.1 Fighting
 + Level 4.6 Short Blades
 + Level 6.6 Long Blades
 + Level 4.6 Axes
 + Level 4.6 Maces & Flails
 + Level 4.6 Polearms
 + Level 4.6 Staves
 + Level 4.6 Slings
 + Level 4.6 Bows
 + Level 4.6 Crossbows
 + Level 4.6 Throwing
 + Level 8.1 Armour
 + Level 4.6 Dodging
 + Level 4.6 Stealth
 + Level 8.1 Shields
 + Level 4.6 Unarmed Combat
 + Level 4.6 Spellcasting
 + Level 3.8 Conjurations
 + Level 3.8 Hexes
 + Level 3.8 Summonings
 + Level 3.8 Necromancy
 + Level 3.8 Translocations
 + Level 3.8 Transmutations
 + Level 3.8 Fire Magic
 + Level 3.8 Ice Magic
 + Level 3.8 Air Magic
 + Level 3.8 Earth Magic
 + Level 3.8 Poison Magic
 + Level 5.1 Invocations
 + Level 4.6 Evocations


You had 17 spell levels left.
You didn't know any spells.
Your spell library contained the following spells:

 Spells                   Type           Power      Damage    Failure   Level
 Animate Skeleton         Necr           16%        N/A       67%         1
 Apportation              Tloc           16%        N/A       67%         1
 Corona                   Hex            8%         N/A       67%         1
 Summon Small Mammal      Summ           32%        N/A       67%         1
 Ignite Poison            Fire/Tmut/Pois 8%         N/A       95%         3
 Mephitic Cloud           Conj/Pois/Air  8%         N/A       95%         3
 Tukima's Dance           Hex            8%         N/A       95%         3
 Passage of Golubria      Tloc           N/A        N/A       100%        4
 Bolt of Magma            Conj/Fire/Erth 4%         4d5       100%        5
 Yara's Violent Unravell  Hex/Tmut       4%         3d4       100%        5


Dungeon Overview and Level Annotations

Branches:
Dungeon (7/15)             Temple (1/1) D:5           Sewer (visited)
Ossuary (visited)

Altars:
Ashenzari
Cheibriados
Elyvilon
Gozag
Hepliaklqana
Nemelex Xobeh
Sif Muna
Uskayaw
Vehumet
Wu Jian
Xom
Zin
The Shining One


Innate Abilities, Weirdness & Mutations

You have very sharp teeth.
Your uncanny sense of smell can sniff out nearby items.
Your experience applies equally to all skills.
You possess an exceptional clarity of mind.
You are robust. (+10% HP)
You are weak. (Str -2)
You expend magic power (3 MP) to strengthen your wands.


Message History

You miss the killer bee. You bite the killer bee.
The killer bee is severely wounded.
You block the killer bee's attack. x3
You slash the killer bee!
You kill the killer bee!
The killer bee stings you.
* * * LOW HITPOINT WARNING * * *
You are poisoned.
The killer bee poisons you! The killer bee closely misses you.
Unknown command.
You slash the killer bee!
The killer bee is heavily wounded.
* * * LOW HITPOINT WARNING * * *
You feel sick. You block the killer bee's attack. x2
You miss the killer bee. You bite the killer bee.
The killer bee is heavily wounded.
* * * LOW HITPOINT WARNING * * *
You feel sick. You block the killer bee's attack.
The killer bee barely misses you.
You riposte.
You miss the killer bee. Your bite misses the killer bee.
The killer bee is heavily wounded.
The killer bee barely misses you.
You riposte.
You miss the killer bee. Your bite misses the killer bee.
The killer bee is heavily wounded.
You miss the killer bee.
The killer bee is heavily wounded.
You feel sick. You block the killer bee's attack.
The killer bee stings you but does no damage.
You slash the killer bee!
You kill the killer bee!
You feel sick. You block the killer bee's attack.
You hit the killer bee. Your bite misses the killer bee.
The killer bee is lightly wounded.
You feel sick. You block the killer bee's attack. x2
You closely miss the killer bee.
The killer bee is lightly wounded.
You feel sick.
You are no longer poisoned.
You block the killer bee's attack. The killer bee stings you.
You die...

################
#...............
#.##############
####.#. ∆... #
#....#. ..###.#
#.####. ......
#.##.#.###....###
#.@yZ#..#.......#
####.##.#.....#
#....y.....#
###...#..###
###.#..>yZ
#.#.#.....
#.#.#.#### #.#.#
# #.#.#


You could see a killer bee and a howler monkey zombie.

Vanquished Creatures
  Grinder (Sewer)
  2 sky beasts
  2 ice beasts
  A necrophage (D:7)
  4 ogres
  3 bullfrogs
  A phantom (Sewer)
  2 water moccasin zombies
  A wyvern skeleton (D:5)
  4 killer bees (D:7)
  13 wights
  A centaur zombie (Ossuary)
  3 bullfrog zombies
  3 hounds
  A human zombie (Ossuary)
  3 jellies
  2 orc priests (D:5)
  2 centaur skeletons (D:6)
  An iguana (D:7)
  An orc wizard (D:3)
  2 mummies (Ossuary)
  A howler monkey zombie (D:6)
  5 gnolls
  7 adders
  5 shadow imps
  4 ufetubi
  4 adder zombies (Ossuary)
  2 worms
  A dart slug (D:1)
  21 orcs
  8 endoplasms
  10 giant cockroaches
  9 goblins
  2 hobgoblins (D:2)
  6 jackals
  22 kobolds
  4 quokkas
  5 ball pythons
  3 bats
  3 frilled lizards
  2 goblin zombies (Ossuary)
  5 hobgoblin zombies (Ossuary)
  2 jackal zombies (Ossuary)
  14 kobold zombies
  8 orc zombies (Ossuary)
  4 rats
  A rat zombie (Ossuary)
211 creatures vanquished.

Vanquished Creatures (others)
  3 plants (D:1)
3 creatures vanquished.

Grand Total: 214 creatures vanquished

Notes
Turn   | Place    | Note
-------+----------+-------------------------------------------
     0 | D:1      | Renzlar the Gnoll Fighter began the quest for the Orb.
     0 | D:1      | Reached XP level 1. HP: 23/23 MP: 1/1
   176 | D:1      | Reached XP level 2. HP: 27/29 MP: 2/2
   577 | D:1      | Reached XP level 3. HP: 34/35 MP: 3/3
   979 | D:2      | Reached skill level 1 in Invocations
  1176 | D:2      | Found a faded altar of an unknown god.
  1323 | D:2      | Reached skill level 1 in Short Blades
  1323 | D:2      | Reached skill level 1 in Axes
  1323 | D:2      | Reached skill level 1 in Maces & Flails
  1323 | D:2      | Reached skill level 1 in Polearms
  1323 | D:2      | Reached skill level 1 in Staves
  1323 | D:2      | Reached skill level 1 in Slings
  1323 | D:2      | Reached skill level 1 in Bows
  1323 | D:2      | Reached skill level 1 in Crossbows
  1323 | D:2      | Reached skill level 1 in Throwing
  1323 | D:2      | Reached skill level 1 in Dodging
  1323 | D:2      | Reached skill level 1 in Stealth
  1323 | D:2      | Reached skill level 1 in Unarmed Combat
  1323 | D:2      | Reached skill level 1 in Spellcasting
  1323 | D:2      | Reached skill level 1 in Evocations
  1323 | D:2      | Reached XP level 4. HP: 41/41 MP: 5/5
  1644 | D:3      | Found an opulent altar of Gozag.
  1874 | D:3      | Reached skill level 1 in Conjurations
  1874 | D:3      | Reached skill level 1 in Hexes
  1874 | D:3      | Reached skill level 1 in Summonings
  1874 | D:3      | Reached skill level 1 in Necromancy
  1874 | D:3      | Reached skill level 1 in Translocations
  1874 | D:3      | Reached skill level 1 in Transmutations
  1874 | D:3      | Reached skill level 1 in Fire Magic
  1874 | D:3      | Reached skill level 1 in Ice Magic
  1874 | D:3      | Reached skill level 1 in Air Magic
  1874 | D:3      | Reached skill level 1 in Earth Magic
  1874 | D:3      | Reached skill level 1 in Poison Magic
  1881 | D:3      | Found a shimmering altar of Xom.
  2192 | D:3      | Reached XP level 5. HP: 42/47 MP: 5/7
  2821 | D:4      | Found a glowing drain.
  2841 | Sewer    | Entered a sewer
  2864 | Sewer    | Reached XP level 6. HP: 52/53 MP: 8/8
  3126 | Sewer    | Found an ancient bone altar of Kikubaaqudgha.
  3136 | Sewer    | Reached skill level 5 in Long Blades
  3399 | Sewer    | Noticed Grinder
  3406 | Sewer    | Paralysed by Grinder for 3 turns
  3413 | Sewer    | Killed Grinder
  3414 | Sewer    | Reached XP level 7. HP: 34/60 MP: 10/10
  3696 | Sewer    | Gained mutation: You are weak. (Str -2) [potion of
                  | mutation]
  3696 | Sewer    | Gained mutation: You possess an exceptional clarity of
                  | mind. [potion of mutation]
  3696 | Sewer    | Gained mutation: Your flesh is cold resistant. (rC+)
                  | [potion of mutation]
  3697 | Sewer    | Lost mutation: Your flesh is cold resistant. (rC+) [potion
                  | of mutation]
  3697 | Sewer    | Lost mutation: You possess an exceptional clarity of mind.
                  | [potion of mutation]
  3697 | Sewer    | Gained mutation: You are agile. (Dex +2) [potion of
                  | mutation]
  3697 | Sewer    | Gained mutation: You expend magic power (3 MP) to
                  | strengthen your wands. [potion of mutation]
  3698 | Sewer    | Lost mutation: You are agile. (Dex +2) [potion of mutation]
  3698 | Sewer    | Gained mutation: You are robust. (+10% HP) [potion of
                  | mutation]
  3698 | Sewer    | Gained mutation: You possess an exceptional clarity of
                  | mind. [potion of mutation]
  4248 | D:5      | Entered Level 5 of the Dungeon
  4327 | D:5      | Found a staircase to the Ecumenical Temple.
  4337 | Temple   | Entered the Ecumenical Temple
  4490 | D:5      | Reached XP level 8. HP: 73/73 MP: 12/12
  6102 | D:6      | Found a glowing silver altar of Zin.
  6278 | D:6      | Reached XP level 9. HP: 80/80 MP: 14/14
  6804 | D:7      | Found a sand-covered staircase.
  6810 | Ossuary  | Entered an ossuary
  7604 | D:7      | Reached skill level 5 in Invocations
  7915 | D:7      | HP: 4/81 [poisoned by a killer bee]
  7918 | D:7      | Slain by a killer bee

Illustrated notes

Levels and vault maps discovered:
D:1:      roderic_crop_circles_arrival_small, layout_loops_ring,
          minmay_small_reverse_x
D:2:      layout_rooms, hellmonk_ecumenical_altar_heavens_door
D:3:      layout_loops_ring, grunt_gozag_breadcrumbs,
          mainiacjoe_overflow_catwalk, supply_closet_lemuel
D:4:      layout_basic, gup_sewer_entry_pipe, corexii_item_surrounded_by_moat
D:5:      layout_cave_pods, minmay_temple_entry_large_hall,
          serial_co_window_serial, co_window_of_opportunity_a,
          co_window_of_opportunity_a, co_window_corner_a,
          co_window_of_opportunity_a, co_window_corner_a,
          co_window_of_opportunity_c, co_window_corner_cb,
          co_window_of_opportunity_b, co_window_unsneaky_path_c,
          co_window_broadway_b, co_window_2corner, co_window_4corner_b,
          glass_columns_c, glass_columns_a, glass_columns_c,
          minmay_misc_feat_room, corexii_leaking_fountain
D:6:      layout_cave_pools, zin_academy, eino_curves_04, minmay_ogre_servants
D:7:      layout_basic, fedhas_altar_2, nicolae_ossuary_entry_plus
Temple:   eino_wide_crystal_templ

Skill      XL: |  1  2  3  4  5  6  7  8  9 |
---------------+----------------------------+-----
Invocations    | 1 2 3 4 5 |  5.1
Short Blades   | 1 2 3 4 |  4.6
Axes           | 1 2 3 4 |  4.6
Maces & Flails | 1 2 3 4 |  4.6
Polearms       | 1 2 3 4 |  4.6
Staves         | 1 2 3 4 |  4.6
Slings         | 1 2 3 4 |  4.6
Bows           | 1 2 3 4 |  4.6
Crossbows      | 1 2 3 4 |  4.6
Throwing       | 1 2 3 4 |  4.6
Dodging        | 1 2 3 4 |  4.6
Stealth        | 1 2 3 4 |  4.6
Unarmed Combat | 1 2 3 4 |  4.6
Spellcasting   | 1 2 3 4 |  4.6
Evocations     | 1 2 3 4 |  4.6
Conjurations   | 1 2 3 |  3.8
Hexes          | 1 2 3 |  3.8
Summonings     | 1 2 3 |  3.8
Necromancy     | 1 2 3 |  3.8
Translocations | 1 2 3 |  3.8
Transmutations | 1 2 3 |  3.8
Fire Magic     | 1 2 3 |  3.8
Ice Magic      | 1 2 3 |  3.8
Air Magic      | 1 2 3 |  3.8
Earth Magic    | 1 2 3 |  3.8
Poison Magic   | 1 2 3 |  3.8
Long Blades    | 5 6 |  6.6
Fighting       | 7 8 |  8.1
Armour         | 7 8 |  8.1
Shields        | 7 8 |  8.1

Action                   |  1- 3 |  4- 6 |  7- 9 || total
-------------------------+-------+-------+-------++-------
Melee: Long sword        |    86 |   142 |   179 ||   407
       Bite              |    10 |    23 |    41 ||    74
       Flail             |       |    12 |   118 ||   130
       War axe           |       |       |    14 ||    14
 Fire: Hunting sling     |       |    26 |   164 ||   190
Throw: Stone             |     2 |     2 |       ||     4
  Use: Scroll            |       |     3 |     8 ||    11
       Potion            |       |     1 |     3 ||     4
Armor: Scale mail        |    27 |    38 |     3 ||    68
       Chain mail        |       |       |    87 ||    87
Dodge: Dodged            |    26 |    44 |    67 ||   137
Block: Kite shield       |    38 |   151 |   280 ||   469
       Reflection        |       |     2 |     7 ||     9
       Rpst.: Long sword |     6 |    18 |     7 ||    31
